Map: Automaton LE

Players

SpaceMarine - Winner!

  • Race: Protoss Protoss
  • Spawn Location: 9:00

Crow

  • Race: Zerg Zerg
  • Spawn Location: 3:00

Event: IEM Season 13: Katowice (2019)

VOD

Have the link to the VOD?

Description

Time

  • Played on: Feb. 26, 2019, 5:30 a.m.
  • Length: 10:40

All games in this series

Show
View Real Time Build Order
Export as new Build Order

SpaceMarine Protoss - Winner!

Build Orders: 1 Gate Expand 

Get SALT Encoding   

  12  0:00  Probe  
  13  0:12  Probe  
  14  0:19  Pylon  
  14  0:24  Probe  
  15  0:33  Probe  
  15  0:39  Gateway  
  15  0:41  Probe  
  16  0:48  Assimilator  
  17  0:51  Probe  
  18  1:03  Probe  
  19  1:15  Probe  
  20  1:26  Nexus  
  20  1:36  Cybernetics Core  
  20  1:38  Probe  
  21  1:45  Assimilator  
  21  1:50  Probe  
  21  1:53  Pylon  
  22  2:01  Probe  
  22  2:04  Adept  
  23  2:09  Probe  
  23  2:13  Warp Gate  
  26  2:18  Probe  
  27  2:23  Twilight Council  
  27  2:28  Probe  
  27  2:33  Adept  
  27  2:35  Probe  
  30  2:40  Probe  
  30  2:43  Probe  
  33  2:53  Probe x2  
  35  2:59  Resonating Glaives  
  35  3:03  Sentry  
  35  3:05  Probe x2  
  39  3:12  Gateway  
  39  3:17  Probe  
  39  3:19  Probe  
  40  3:20  Gateway  
  41  3:28  Probe  
  41  3:29  Probe, Pylon  
  41  3:31  Assimilator  
  43  3:38  Probe  
  44  3:41  Probe  
  44  3:45  Assimilator  
  45  3:49  Stargate  
  45  3:50  Probe  
  45  3:53  Probe  
  47  3:57  Pylon  
  47  3:59  Stargate  
  47  4:02  Probe  
  48  4:05  Probe  
  49  4:14  Probe  
  49  4:15  Adept x2  
  54  4:18  Adept  
  56  4:26  Oracle  
  56  4:27  Pylon  
  56  4:28  Protoss Air Weapons Level 1  
  56  4:37  Probe  
  60  4:41  Pylon  
  60  4:42  Pylon  
  60  4:44  Phoenix  
  62  4:53  Pylon  
  62  5:00  Phoenix  
  62  5:04  Phoenix  
  64  5:18  Adept x3  
  64  5:19  Phoenix  
  62  5:21  Nexus  
  62  5:28  Phoenix  
  64  5:34  Probe  
  64  5:35  Probe  
  68  5:43  Phoenix  
  68  5:45  Phoenix  
  68  5:47  Probe x2  
  74  5:59  Probe x2  
  74  6:00  Phoenix  
  74  6:04  Pylon  
  76  6:11  Probe x2  
  80  6:12  Phoenix  
  80  6:14  Adept x2  
  80  6:15  Adept  
  88  6:21  Assimilator  
  88  6:24  Phoenix  
  88  6:25  Probe x2  
  92  6:34  Phoenix  
  94  6:43  Phoenix  
  94  6:52  Phoenix  
  94  6:58  Adept x3  
  94  6:59  Probe x2  
  94  7:00  Assimilator  
  104  7:03  Gateway  
  104  7:04  Gateway  
  104  7:06  Gateway  
  104  7:10  Phoenix  
  104  7:15  Gateway  
  106  7:17  Gateway, Probe  
  107  7:32  Phoenix  
  105  7:38  Adept x3  
  105  7:41  Phoenix  
  105  7:50  Phoenix  
  103  7:53  Pylon  
  103  7:54  Pylon  
  105  8:02  Adept x5  
  105  8:03  Adept, Phoenix  
  117  8:06  Phoenix  
  121  8:26  Phoenix  
  120  8:30  Phoenix  
  124  8:35  Adept x4  
  124  8:39  Pylon  
  124  8:41  Pylon  
  132  8:43  Pylon  
  132  8:46  Pylon  
  132  8:49  Phoenix x2  
  132  8:52  Pylon  
  134  9:13  Adept x4  
  134  9:14  Adept x2, Phoenix  
  134  9:15  Gateway, Adept x2, Phoenix  
  154  9:39  Phoenix  
  154  9:40  Phoenix  
  144  9:55  Phoenix  
  144  9:57  Phoenix  
  144  10:04  Adept x4  
  144  10:05  Adept x4  
Show
View Real Time Build Order
Export as new Build Order

Crow Zerg 

Build Orders: Hatch First, Roach Hydra 

Get SALT Encoding   

  12  0:10  Drone  
  12  0:12  Overlord  
  13  0:18  Drone  
  14  0:30  Drone  
  14  0:33  Drone  
  16  0:50  Hatchery  
  16  0:53  Drone  
  16  0:56  Drone  
  17  1:04  Drone  
  18  1:11  Extractor  
  17  1:18  Spawning Pool  
  16  1:19  Drone  
  16  1:25  Drone  
  18  1:38  Drone  
  19  1:48  Drone  
  20  1:58  Overlord  
  20  2:05  Queen x2  
  20  2:06  Zergling x2  
  25  2:09  Zergling x2  
  26  2:18  Drone  
  26  2:19  Metabolic Boost  
  26  2:20  Drone  
  28  2:24  Drone  
  29  2:30  Drone  
  30  2:42  Hatchery  
  29  2:45  Drone  
  29  2:47  Drone  
  31  2:51  Overlord  
  31  2:59  Queen  
  31  3:02  Drone  
  34  3:05  Drone  
  34  3:06  Drone  
  34  3:12  Drone  
  37  3:15  Drone x2  
  37  3:16  Drone  
  37  3:18  Drone  
  41  3:25  Overlord  
  41  3:28  Drone x3  
  41  3:32  Spore Crawler  
  41  3:33  Drone  
  44  3:40  Overlord  
  44  3:44  Overlord  
  44  3:47  Lair  
  44  3:52  Roach Warren  
  44  3:54  Drone  
  44  3:56  Drone  
  44  3:58  Drone  
  44  3:59  Drone  
  47  4:03  Drone x2  
  47  4:05  Drone  
  47  4:07  Extractor  
  47  4:08  Extractor  
  48  4:10  Drone x2  
  48  4:11  Drone  
  48  4:13  Drone  
  52  4:21  Overlord  
  51  4:26  Zergling x6  
  51  4:27  Zergling x4  
  56  4:32  Roach x3  
  56  4:37  Overlord  
  62  4:39  Roach  
  62  4:42  Overlord  
  62  4:43  Roach  
  62  4:45  Overseer  
  66  4:48  Glial Reconstitution  
  66  4:59  Drone x8  
  71  5:13  Drone x7  
  71  5:17  Overlord  
  71  5:21  Queen  
  69  5:24  Drone  
  69  5:25  Drone  
  73  5:29  Spore Crawler  
  73  5:31  Spore Crawler  
  71  5:35  Drone  
  71  5:36  Drone x3  
  71  5:39  Overlord  
  75  5:46  Overlord  
  75  5:50  Drone x4  
  75  5:55  Spore Crawler  
  75  5:56  Overlord  
  78  5:57  Queen  
  78  5:59  Queen  
  82  6:06  Spore Crawler  
  82  6:10  Hydralisk Den, Drone x4  
  84  6:12  Evolution Chamber  
  84  6:15  Drone x4  
  84  6:18  Extractor  
  86  6:22  Spore Crawler  
  86  6:24  Overlord x2  
  85  6:34  Queen x2  
  85  6:38  Drone  
  85  6:39  Drone x6  
  87  6:47  Drone x5  
  87  6:48  Drone  
  87  6:50  Overlord  
  93  6:56  Muscular Augments, Zerg Missile Weapons Level 1  
  93  6:58  Overlord  
  93  7:02  Hydralisk  
  93  7:03  Hydralisk  
  97  7:11  Hydralisk x3  
  103  7:17  Roach  
  103  7:20  Roach  
  106  7:25  Overlord  
  106  7:28  Roach  
  106  7:29  Roach x3  
  111  7:31  Overlord  
  111  7:34  Spore Crawler  
  111  7:36  Spore Crawler  
  100  7:39  Hydralisk x4  
  100  7:41  Hydralisk  
  101  7:45  Drone  
  101  7:48  Drone x3  
  105  7:52  Drone x2  
  107  8:00  Drone x4  
  107  8:03  Infestation Pit  
  110  8:08  Overseer, Pneumatized Carapace  
  110  8:11  Hydralisk  
  112  8:13  Grooved Spines  
  112  8:17  Overlord x3  
  112  8:28  Overlord  
  112  8:33  Overlord  
  111  8:37  Drone x3  
  111  8:38  Extractor, Drone  
  111  8:39  Drone x3  
  117  8:42  Pathogen Glands  
  117  8:44  Extractor  
  117  8:47  Hatchery  
  115  8:50  Drone  
  115  8:51  Queen, Drone x2  
  122  8:55  Roach  
  122  8:56  Roach  
  122  8:59  Roach x2  
  128  9:04  Spore Crawler  
  128  9:08  Hydralisk  
  128  9:09  Hydralisk x2  
  133  9:12  Overlord  
  133  9:18  Overlord  
  133  9:24  Infestor x2  
  136  9:33  Infestor, Hatchery  
  126  9:39  Drone  
  126  9:40  Drone x5  
  132  9:45  Hydralisk  
  132  9:46  Hydralisk  
  132  9:50  Drone  
  132  9:51  Drone x2  
  139  9:55  Infestor  
  139  10:03  Overlord x2  
  139  10:16  Overlord  

Tags
 
Add a new tag
Caveats
  • Supply blocks, unpowered buildings, or Contaminate may cause inaccurate times.
  • Supply counts are checked every 10 seconds.